 Dungeon Crawl Stone Soup version 0.31-a0-187-gba352fbbf7 (webtiles) character file.

Game seed: 15784148661040054859

82 qw the Shooter (level 4, -6/25 HPs)
             Began as a Deep Elf Hunter on June 22, 2023.
             Mangled by a gnoll
             ... wielding a +0 flail
              (10 damage)
             ... on level 2 of the Dungeon.
             The game lasted 00:00:30 (1139 turns).

qw the Shooter (Deep Elf Hunter)                    Turns: 1139, Time: 00:00:30

Health: -6/25      AC:  5    Str: 10    XL:     4   Next: 21%
Magic:  6/6        EV: 11    Int: 14    God:
Gold:   114        SH:  0    Dex: 18    Spells: 3/3 levels left

rFire   . . .        Y - +0 shortbow
rCold   . . .        (shield currently unavailable)
rNeg    . . .        e - +0 ring mail
rPois   .            (no helmet)
rElec   .            (no cloak)
rCorr   .            (no gloves)
SInv    .            (no boots)
Will    .....        (no amulet)
Stlth   +            (no ring)
HPRegen 0.24/turn    (no ring)
MPRegen 0.10/turn

%: no passive effects
@: no status effects
A: no striking features
a: no special abilities


You were on level 2 of the Dungeon.
You visited 1 branch of the dungeon, and saw 2 of its levels.

You collected 114 gold pieces.


   Skills:
 - Level 1.5 Fighting
 + Level 7.6 Ranged Weapons
 - Level 2.4 Dodging
 - Level 1.2 Stealth


You had 3 spell levels left.
You didn't know any spells.
Your spell library was empty.

Inventory:

Hand Weapons
 Y - a +0 shortbow (weapon)
Armour
 e - a +0 ring mail (worn)
Scrolls
 a - a scroll of blinking {unknown}
 b - 2 scrolls of identify {unknown}
Potions
 g - a potion of heal wounds {unknown}
 h - a potion of brilliance {unknown}

Dungeon Overview and Level Annotations

Branches:
Dungeon (2/15)

Altars:


Message History

The endoplasm is heavily wounded.
The endoplasm freezes you.
You are frozen.
You shoot an arrow. The arrow hits the endoplasm!
You kill the endoplasm!
You start resting.
A gnoll comes into view. It is wielding a +0 flail.
1108 ||| FLEEEEING.
1109 ||| STILL FLEEEEING.
1110 ||| STILL FLEEEEING.
1111 ||| STILL FLEEEEING.
You start resting.
HP restored.
A gnoll is nearby!
Enter note:
Enter note:
Enter note:
Enter note:
Enter note:
Enter note: You shoot an arrow.
The arrow barely misses the gnoll.
The gnoll shouts!
You shoot an arrow. The arrow completely misses the gnoll.
You shoot an arrow. The arrow hits the gnoll.
The gnoll is lightly wounded.
You shoot an arrow. The arrow hits the gnoll.
The gnoll is moderately wounded.
The gnoll closely misses you. The gnoll hits you with a +0 flail!
You shoot an arrow. The arrow hits the gnoll!
The gnoll is severely wounded.
The gnoll hits you with a +0 flail.
You shoot an arrow.
The arrow hits the gnoll but does no damage.
The gnoll is severely wounded.
The gnoll hits you with a +0 flail!
You shoot an arrow. The arrow closely misses the gnoll.
The gnoll barely misses you.
You shoot an arrow. The arrow barely misses the gnoll.
The gnoll hits you with a +0 flail!
You die...

#### ######..#
........############
#.................
#.##..############
#.##.%# ####g##..#
#...@....#
#.#........#
#..#...#.#
.....#.###.#
#.##.... # #. .###.#
# # .# .#


You could see a gnoll.

Vanquished Creatures
  3 gnolls (D:2)
  An adder (D:2)
  4 bats
  6 endoplasms
  A giant cockroach (D:1)
  5 goblins
  2 hobgoblins (D:1)
  A quokka (D:2)
  7 ball pythons
  3 frilled lizards
  4 kobolds (D:1)
  5 rats
42 creatures vanquished.

Notes
Turn   | Place    | Note
-------+----------+-------------------------------------------
     0 | D:1      | qw the Deep Elf Hunter began the quest for the Orb.
     0 | D:1      | Reached XP level 1. HP: 12/12 MP: 3/3
     0 | D:1      | 0 ||| qw: Version: 0.3-a-9-g12657ce
     0 | D:1      | 0 ||| qw: Game counter: 2301
     0 | D:1      | 0 ||| qw: Always use a shield: true
     0 | D:1      | 0 ||| qw: God list: Okawaru
     0 | D:1      | 0 ||| qw: Allow faded altars: false
     0 | D:1      | 0 ||| qw: Do Orc after D:15 true
     0 | D:1      | 0 ||| qw: Do second Lair branch before Depths: true
     0 | D:1      | 0 ||| qw: Lair rune preference: random
     0 | D:1      | 0 ||| qw: Plans: Normal
     0 | D:1      | 0 ||| PLANNING D:1-11
   103 | D:1      | Reached skill level 6 in Ranged Weapons
   103 | D:1      | Reached XP level 2. HP: 15/16 MP: 4/4
   108 | D:1      | 108 ||| FLEEEEING.
   109 | D:1      | 109 ||| FLEEEEING.
   112 | D:1      | 112 ||| FLEEEEING.
   113 | D:1      | 113 ||| FLEEEEING.
   114 | D:1      | 114 ||| FLEEEEING.
   115 | D:1      | 115 ||| FLEEEEING.
   116 | D:1      | 116 ||| FLEEEEING.
   117 | D:1      | 117 ||| FLEEEEING.
   120 | D:1      | 120 ||| FLEEEEING.
   121 | D:1      | 121 ||| FLEEEEING.
   122 | D:1      | 122 ||| FLEEEEING.
   123 | D:1      | 123 ||| FLEEEEING.
   437 | D:1      | Reached XP level 3. HP: 20/20 MP: 5/5
   652 | D:1      | 652 ||| UPGRADING to +0 ring mail.
   662 | D:1      | 662 ||| DROPPING +0 leather armour.
   663 | D:1      | 663 ||| READING scroll labelled ZAURIYR BYNUZE.
   664 | D:1      | 664 ||| READING 2 scrolls labelled IZYPTA PEDYUME.
   665 | D:1      | 665 ||| DROPPING scroll of butterflies.
   666 | D:1      | 666 ||| DROPPING scroll of noise.
   750 | D:2      | Identified the +1 dagger of Spontaneous Combustion {holy,
                  | rF+}
   815 | D:2      | Reached skill level 7 in Ranged Weapons
   848 | D:2      | Identified the +10 whip of Lanal {freeze, Contam Int+8
                  | Dex+3}
  1007 | D:2      | 1007 ||| Stepping ~*~*~tactically~*~*~ (outnumbered).
  1010 | D:2      | Reached XP level 4. HP: 14/25 MP: 6/6
  1108 | D:2      | 1108 ||| FLEEEEING.
  1137 | D:2      | HP: 3/25 [gnoll/+0 flail (7)]
  1139 | D:2      | Mangled by a gnoll

Levels and vault maps discovered:
D:1:      dpeg_arrival_simpleton_b, layout_basic, minmay_stone_trees_small,
          minmay_misc_feat_pillars, minmay_3d_cube
D:2:      layout_basic

Skill      XL: |  1  2  3 |
---------------+----------+-----
Ranged Weapons | 6 7 |  7.6
Fighting       | |  1.5
Dodging        | |  2.4
Stealth        | |  1.2

Action                     |  1- 3 |  4- 6 || total
---------------------------+-------+-------++-------
   Fire: Shortbow          |    95 |    20 ||   115
    Use: Scroll            |     2 |       ||     2
 Armour: Leather armour    |     8 |       ||     8
         Ring mail         |       |     1 ||     1
  Dodge: Dodged            |    22 |     5 ||    27

Table legend:
 A = Non-vault XP
 B = Vault XP
 C = Vault XP percentage of total XP
 D = Non-vault monster count
 E = Vault monster count
 F = Vault count percentage of total count
                 A         B        C        D         E       F
            +---------+---------+-------+---------+---------+-------
      Total |     116 |       2 |   1.7 |      41 |       1 |   2.4
            +---------+---------+-------+---------+---------+-------
        D:1 |      45 |       2 |   4.3 |      28 |       1 |   3.4
        D:2 |      71 |       0 |   0.0 |      13 |       0 |   0.0
            +---------+---------+-------+---------+---------+-------
